 Dungeon Crawl Stone Soup version 0.27-a0-1060-gcb85b5eba1 (webtiles) character file.

Game seed: 12766368118452419892

350 Morbidden the Grave Robber (level 6, 0/47 (52) HPs)
             Began as a Deep Dwarf Necromancer on Apr 21, 2021.
             Slain by a necrophage (6 damage)
             ... on level 5 of the Dungeon.
             The game lasted 00:05:13 (4172 turns).

Morbidden the Grave Robber (Deep Dwarf Necromancer) Turns: 4172, Time: 00:05:13

HP:   0/47 (52)     AC:  2    Str: 11    XL:     6   Next: 34%
MP:   11/11         EV: 12    Int: 18    God:
Gold: 224           SH:  0    Dex: 13    Spells: 8/12 levels left

rFire    . . .     SeeInvis .   a - +0 short sword
rCold    . . .     Faith    .   (no shield)
rNeg     . . .     Spirit   .   j - +0 robe
rPois    .         Reflect  .   (no helmet)
rElec    .         Harm     .   (no cloak)
rCorr    .         Rampage  .   (no gloves)
Will     .....                  (no boots)
Stlth    ++........             (no amulet)
HPRegen  0.00/turn              (no ring)
MPRegen  0.12/turn              (no ring)

@: mighty, non-regenerating, drained
A: damage resistance, heal wounds, sense surroundings 1, no regeneration
a: Heal Wounds


You were on level 5 of the Dungeon.
You visited 1 branch of the dungeon, and saw 5 of its levels.

You collected 224 gold pieces.

Inventory:

Hand Weapons
 a - a +0 short sword (weapon)
Missiles
 h - 7 javelins (quivered)
Armour
 j - a +0 robe (worn)
Scrolls
 c - a scroll of teleportation {unknown}
 d - 4 scrolls of identify {unknown}
 k - a scroll of enchant weapon {unknown}
 l - a scroll of immolation {unknown}
Potions
 b - 4 potions of might
 e - a potion of magic {unknown}
 f - a potion of ambrosia {unknown}
 g - a potion of lignification {unknown}
 i - a potion of heal wounds


   Skills:
 * Level 2.0 Fighting
 + Level 1.1 Short Blades
 + Level 0.1 Throwing
 + Level 2.6 Dodging
 + Level 3.2 Stealth
 + Level 0.3 Unarmed Combat
 * Level 3.5 Spellcasting
 * Level 5.9 Necromancy


You had 8 spell levels left.
You knew the following spells:

 Your Spells              Type           Power      Damage    Failure   Level
a - Pain                  Necr           96%        1d8       1%          1
b - Vampiric Draining     Necr           12%        2d7       4%          3

Your spell library contained the following spells:

 Spells                   Type           Power      Damage    Failure   Level
 Animate Skeleton         Necr           48%        N/A       1%          1
 Animate Dead             Necr           12%        N/A       13%         4
 Magic Dart               Conj           12%        1d3       16%         1
 Searing Ray              Conj           6%         3d3       24%         2
 Agony                    Necr           24%        N/A       36%         5
 Dazzling Flash           Conj/Hex       6%         N/A       43%         3
 Fulminant Prism          Conj/Hex       1%         3d6       83%         4
 Iskenderun's Mystic Bla  Conj/Tloc      3%         2d3       83%         4


Dungeon Overview and Level Annotations

Branches:
Dungeon (5/15)
 Temple: D:4-7

Altars:
Nemelex Xobeh

Annotations:
D:3 Grinder
D:4 3 runed translucent doors, Crazy Yiuf


Innate Abilities, Weirdness & Mutations

You are resistant to damage.
You can heal yourself by infusing magical energy.
You passively map a small area around you.
You do not regenerate.


Message History

Okay, then.
Unknown command.
Unknown command.
It was a potion of might.
You feel very mighty all of a sudden. The necrophage barely misses you.
Unknown command.
It was a potion of heal wounds.
You feel much better. The necrophage hits you.
You feel drained.
Unknown command.
You closely miss the necrophage.
The necrophage is lightly damaged.
The necrophage hits you.
You closely miss the necrophage.
The necrophage is lightly damaged.
The necrophage hits you.
You feel drained.
You closely miss the necrophage.
The necrophage is lightly damaged.
The necrophage hits you!
* * * LOW HITPOINT WARNING * * *
You feel drained.
You completely miss the necrophage.
The necrophage is lightly damaged.
The necrophage barely misses you.
You hit the necrophage.
The necrophage is lightly damaged.
The necrophage hits you.
* * * LOW HITPOINT WARNING * * *
The necrophage completely misses you.
You completely miss the necrophage.
The necrophage is lightly damaged.
The necrophage closely misses you.
You barely miss the necrophage.
The necrophage is lightly damaged.
The necrophage hits you!
* * * LOW HITPOINT WARNING * * *
You hit the necrophage.
The necrophage is moderately damaged.
The necrophage hits you!
You die...

#################################
............#.........#..........
............#.........#..........
............#.........#..........
###+######..##.#########..####..#
## #..##.##....###..####..# .#
#...................#... .#
#...................#... .# ,,,
,#......@............#... .#
,#.....n.....).......#<.. .# ,
#...................#... .#
######....###########...#####
.####...##....###.....###...####.
........'......#..............#..
........#......#..............#..
........#......'..............#..
........#......#..............##.


You could see a necrophage.

Vanquished Creatures
  A sky beast (D:5)
  An ogre (D:5)
  A centaur zombie (D:5)
  An iguana (D:5)
  4 adders
  A worm (D:2)
  3 dart slugs
  3 ball pythons (D:1)
  6 bats
  9 endoplasms
  A goblin (D:2)
  11 hobgoblins
  10 jackals
  4 quokkas
  A frilled lizard (D:1)
  8 kobolds
  4 rats
69 creatures vanquished.

Vanquished Creatures (others)
  9 fungi (D:4)
  4 plants (D:1)
  A withered plant (D:3)
14 creatures vanquished.

Grand Total: 83 creatures vanquished

Notes
Turn   | Place    | Note
-------+----------+-------------------------------------------
     0 | D:1      | Morbidden the Deep Dwarf Necromancer began the quest for
                  | the Orb.
     0 | D:1      | Reached XP level 1. HP: 15/15 MP: 3/3
   230 | D:1      | Reached XP level 2. HP: 16/22 MP: 0/4
   993 | D:1      | Reached XP level 3. HP: 16/28 MP: 3/6
   997 | D:1      | Learned a level 3 spell: Vampiric Draining
  1093 | D:1      | Found a faded altar of an unknown god.
  2149 | D:2      | Reached skill level 5 in Necromancy
  2149 | D:2      | Reached XP level 4. HP: 37/37 MP: 0/8
  2971 | D:2      | Found a sparkling altar of Nemelex Xobeh.
  3331 | D:3      | Noticed Grinder
  3460 | D:4      | Found a runed translucent door.
  3461 | D:4      | Noticed Crazy Yiuf
  3462 | D:4      | You fall into a shaft and drop 1 floor!
  3462 | D:5      | Entered Level 5 of the Dungeon
  3491 | D:5      | Reached XP level 5. HP: 25/43 MP: 9/9
  3567 | D:5      | Noticed an ogre
  3573 | D:5      | Killed an ogre
  3574 | D:5      | Reached skill level 1 in Fighting
  3719 | D:5      | Noticed a sky beast
  3757 | D:5      | Killed a sky beast
  3758 | D:5      | Reached skill level 1 in Short Blades
  3758 | D:5      | Reached XP level 6. HP: 19/52 MP: 0/11
  4145 | D:4      | Found a runed translucent gate.
  4145 | D:4      | Found a runed translucent gate.
  4152 | D:5      | HP: 1/50 [necrophage (5)]
  4172 | D:5      | Slain by a necrophage

Illustrated notes

Levels and vault maps discovered:
D:1:      roderic_crop_circles_arrival_small, layout_basic,
          chequers_ecumenical_altar_simple, hangedman_decor_growths,
          hex_intersection
D:2:      layout_loops_ring, basic_altar, minmay_misc_feat_iff
D:3:      layout_basic, kiku_gazebo_garden_becter, amcnicky_altar_gilded,
          wad_orctagon, uniq_grinder
D:4:      layout_basic, minmay_temple_entry_junction, serial_aquarium,
          aquarium_bridge_island_small [aquarium_subvault_small_open,
          aquarium_subvault_bridge, aquarium_subvault_bridge,
          aquarium_subvault_window, aquarium_subvault_balcony],
          aquarium_bridge_long_joined [aquarium_subvault_bridge,
          aquarium_subvault_window, aquarium_subvault_bridge,
          aquarium_subvault_window, aquarium_subvault_window,
          aquarium_subvault_bridge], aquarium_window_corner,
          aquarium_window_fake, aquarium_view_2c, aquarium_view_2d,
          gammafunk_ghost_cemetery, bh_walls_and_bars, uniq_crazy_yiuf_cottage
D:5:      layout_gridville, uniq_edmund

Skill      XL: |  1  2  3  4  5  6 |
---------------+-------------------+-----
Spellcasting   | 2 3 |  3.5
Necromancy     | 5 |  5.9
Fighting       | 1 2 |  2.0
Stealth        | 3 |  3.2
Short Blades   | 1 |  1.1
Throwing       | |  0.1
Dodging        | |  2.6
Unarmed Combat | |  0.3

Action                   |  1- 3 |  4- 6 || total
-------------------------+-------+-------++-------
Melee: Unarmed           |    71 |     5 ||    76
       Short sword       |       |    45 ||    45
       Punch             |       |     1 ||     1
Throw: Javelin           |     7 |     3 ||    10
 Cast: Pain              |    51 |    19 ||    70
       Vampiric Draining |    12 |    15 ||    27
  Use: Potion            |       |     2 ||     2
 Stab: Distracted        |     1 |     1 ||     2
       Sleeping          |     1 |     1 ||     2
Armor: Robe              |    17 |     9 ||    26
Dodge: Dodged            |    67 |    40 ||   107

Table legend: (Time is in decaauts)
 A = Elapsed time spent in this place.
 B = Non-inter-level travel time spent in this place.
 C = Inter-level travel time spent in this place.
 D = Time resting spent in this place.
 E = Time spent auto-exploring this place.
 F = Levels seen in this place.
 G = Mean time per level.
                   A        B        C        D        E       F      G
               +--------+--------+--------+--------+--------+-----+--------+
         Total |   4182 |   4108 |     74 |    666 |   2792 |   5 |  836.4 |
       Dungeon |   4182 |   4108 |     74 |    666 |   2792 |   5 |  836.4 |
               +--------+--------+--------+--------+--------+-----+--------+

Top non-repeatable levels by time:
     D:1: 2100 daAuts
     D:2: 1095 daAuts
     D:5: 711 daAuts
     D:3: 174 daAuts
     D:4: 100 daAuts
